 Dungeon Crawl Stone Soup version 0.25-a0-435-g4b9beb1024 (webtiles) character file.

Game seed: 14090075966022153411, levelgen mode: deterministic

2682 kae the Grappler (level 9, -2/67 HPs)
             Began as a Ghoul Gladiator on Jan 29, 2020.
             Was a Priest of Makhleb.
             Slain by a gnoll
             ... wielding a +0 spear
              (4 damage)
             ... on level 7 of the Dungeon.
             The game lasted 00:07:10 (5998 turns).

kae the Grappler (Ghoul Gladiator)                  Turns: 5998, Time: 00:07:10

Health: -2/67      AC:  4    Str: 18    XL:     9   Next: 64%
Magic:  13/13      EV: 12    Int:  4    God:    Makhleb [***...]
Gold:   341        SH:  0    Dex: 12    Spells: 8/8 levels left

rFire    . . .     SeeInvis +     - Unarmed
rCold    + . .     Gourm    .   (no shield)
rNeg     + + +     Faith    .   a - +0 leather armour
rPois    ∞         Spirit   .   b - +0 helmet
rElec    .         Reflect  .   u - scarf {repulsion}
rCorr    .         Harm     .   v - +1 pair of gloves
MR       .....                  l - +1 pair of boots
Stlth    +.........             (no amulet)
HPRegen  0.00/turn              n - ring of see invisible
MPRegen  0.13/turn              (no ring)

@: about to teleport, marked, corroded, rotting, repel missiles
A: rotting body, claws 1, carnivore, cold resistance 1, negative energy
resistance 3, inhibited regeneration, torment resistance, unbreathing
a: Minor Destruction, Lesser Servant of Makhleb, Renounce Religion


You were on level 7 of the Dungeon.
You worshipped Makhleb.
Makhleb was most pleased with you.
You were not hungry.

You visited 1 branch of the dungeon, and saw 7 of its levels.

You collected 341 gold pieces.

Inventory:

Missiles
 c - 3 throwing nets (quivered)
Armour
 a - a +0 leather armour (worn)
 b - a +0 helmet (worn)
 l - a +1 pair of boots (worn)
 u - a scarf of repulsion (worn)
 v - a +1 pair of gloves (worn)
Jewellery
 n - a ring of see invisible (left hand)
 o - an uncursed ring of wizardry
Wands
 f - a wand of iceblast (3)
 t - a wand of enslavement (3)
 y - a wand of disintegration (10)
Scrolls
 e - 6 scrolls of identify
 g - 3 scrolls of teleportation
 h - 3 scrolls of amnesia
 j - 2 scrolls of immolation
 m - 5 scrolls of remove curse
 p - 4 scrolls of random uselessness
 A - a scroll of fog
Potions
 i - 3 potions of brilliance
 k - a potion of invisibility
 q - 2 potions of curing
 r - a potion of heal wounds
 s - a potion of magic
 w - a potion of mutation
 z - a potion of haste
Comestibles
 d - 21 rations


   Skills:
 - Level 2.1 Fighting
 - Level 1.7 Throwing
 - Level 2.6 Dodging
 * Level 11.9 Unarmed Combat
 + Level 7.7 Invocations


You had 8 spell levels left.
You didn't know any spells.
Your spell library contained the following spells:

 Spells                   Type           Power        Failure   Level  Hunger
 Poisonous Vapours        Pois/Air       #.....       71%         2    ###....
 Confusing Touch          Hex            #.......     90%         3    ####...
 Gell's Gravitas          Tloc           #.........   90%         3    ####...
 Inner Flame              Hex/Fire       #.......     90%         3    ####...
 Petrify                  Tmut/Erth      #.......     100%        4    #####..
 Metabolic Englaciation   Hex/Ice        #.........   100%        5    ######.
 Yara's Violent Unravell  Hex/Tmut       #.........   100%        5    ######.
 Darkness                 Hex            #.........   100%        6    #######
 Eringya's Noxious Bog    Tmut/Pois      #.........   100%        6    #######


Dungeon Overview and Level Annotations

Branches:
Dungeon (7/15)             Temple (0/1) D:5

Altars:
Gozag
Makhleb
Ru
Trog
Vehumet


Innate Abilities, Weirdness & Mutations

Your body is rotting away.
You thrive on raw meat.
You are immune to poison.
You have sharp fingernails.
You are carnivorous and can eat meat at any time.
Your flesh is cold resistant. (rC+)
You are immune to negative energy. (rN+++)
You do not regenerate when monsters are visible.
You are immune to unholy pain and torment.
You can survive without breathing.


Message History

You punch the jelly!
You kill the jelly!
Makhleb accepts your kill.
You feel better.
An adder comes into view.
The gnoll misses you. The gnoll completely misses you.
The gnoll hits you with a +0 spear.
* * * LOW HITPOINT WARNING * * *
A howler monkey comes into view.
The gnoll hits you from afar with a +0 spear!
* * * LOW HITPOINT WARNING * * *
The gnoll hits you from afar with a +0 spear!
* * * LOW HITPOINT WARNING * * *
You see here a +0 halberd.
An orc warrior comes into view. It is wielding a -1 battleaxe.
Okay, then.
As you read the scroll of teleportation, it crumbles to dust.
You feel strangely unstable. The gnoll hits you but does no damage.
The gnoll hits you from afar with a +0 spear.
You die...

##.## ...# # ....
.###...# ...#h.###
##.##......
.......S.#
#o###########
#@#..(......#
#g#.........#
######g#..#####..#
#.....)g...#)?$#..#
#.#####....#=))#÷.#
.......#)$(#..#
...##....#####..#
... .............##
## ..............#


You could see an orc warrior, a howler monkey, 3 gnolls and an adder.

Vanquished Creatures
  Pikel (D:3)
  Grinder (D:3)
  Sigmund (D:2)
  The ghost of EtherCrawl the Sneak, an amateur SpEn (D:3)
  An ice beast (D:7)
  A sky beast (D:5)
  A phantom (D:5)
  A necrophage (D:5)
  3 ogres
  A centaur (D:6)
  2 bullfrogs
  A gnoll sergeant (D:7)
  A scorpion (D:5)
  3 crimson imps (D:5)
  A centaur zombie (D:7)
  3 jellies
  2 hounds
  An orc priest (D:6)
  4 orc wizards
  A bullfrog skeleton (D:6)
  Jessica (D:3)
  An iguana (D:5)
  2 worker ants
  A hound zombie (D:5)
  8 adders
  9 gnolls
  A river rat (D:3)
  3 oozes
  An adder zombie (D:5)
  3 worms
  4 dart slugs
  3 leopard geckos
  20 orcs
  8 bats
  12 giant cockroaches
  12 goblins
  7 hobgoblins
  2 jackals (D:5)
  3 kobolds
  5 quokkas
  3 ball pythons
  8 frilled lizards
  2 leopard gecko skeletons (D:5)
  11 rats
161 creatures vanquished.

Vanquished Creatures (others)
  An ogre (D:6)
  A centaur (D:6)
  An adder (D:4)
  An ooze (D:4)
  An orc (D:4)
  A ball python (D:4)
6 creatures vanquished.

Grand Total: 167 creatures vanquished

Notes
Turn   | Place    | Note
-------+----------+-------------------------------------------
     0 | D:1      | kae the Ghoul Gladiator began the quest for the Orb.
     0 | D:1      | Reached XP level 1. HP: 17/17 MP: 0/0
    25 | D:1      | Reached XP level 2. HP: 17/24 MP: 1/1
    44 | D:1      | Reached skill level 4 in Unarmed Combat
   254 | D:1      | You fall into a shaft and drop 1 floor!
   301 | D:2      | Reached XP level 3. HP: 28/29 MP: 2/2
   363 | D:2      | Found a bloodstained altar of Trog.
   416 | D:2      | Reached skill level 5 in Unarmed Combat
   481 | D:2      | Found a faded altar of an unknown god.
   642 | D:2      | Found a burning altar of Makhleb.
   645 | D:2      | Reached XP level 4. HP: 36/36 MP: 3/3
   651 | D:2      | Became a worshipper of Makhleb the Destroyer
   745 | D:2      | Noticed Sigmund
   754 | D:2      | Killed Sigmund
   754 | D:2      | Reached skill level 6 in Unarmed Combat
   754 | D:2      | Reached XP level 5. HP: 36/41 MP: 3/5
   760 | D:2      | Reached XP level 6. HP: 46/48 MP: 3/6
  1126 | D:3      | Noticed Jessica
  1136 | D:3      | Killed Jessica
  1324 | D:3      | Reached * piety under Makhleb
  1334 | D:3      | Reached skill level 7 in Unarmed Combat
  1503 | D:3      | Noticed Grinder
  1515 | D:3      | Paralysed by Grinder for 4 turns
  1523 | D:3      | Paralysed by Grinder for 3 turns
  1533 | D:3      | Killed Grinder
  1533 | D:3      | Reached XP level 7. HP: 21/55 MP: 8/8
  1569 | D:3      | Found an opulent altar of Gozag.
  1584 | D:3      | Found a runed translucent door.
  1590 | D:3      | Noticed EtherCrawl's ghost (amateur SpEn)
  1618 | D:3      | Found a runed translucent door.
  1686 | D:3      | Reached skill level 8 in Unarmed Combat
  1703 | D:3      | Killed EtherCrawl's ghost
  2483 | D:1      | Reached ** piety under Makhleb
  2670 | D:4      | Noticed Pikel
  2926 | D:3      | Killed Pikel
  2926 | D:3      | Reached skill level 9 in Unarmed Combat
  2926 | D:3      | Reached skill level 5 in Invocations
  2926 | D:3      | Reached XP level 8. HP: 18/61 MP: 9/11
  3336 | D:4      | Found a sacrificial altar of Ru.
  3616 | D:4      | Identified Qutsiz's Reference Book on Toxins and Curses
  3919 | D:3      | Reached skill level 10 in Unarmed Combat
  3981 | D:3      | Found an opulent altar of Gozag.
  4309 | D:5      | Entered Level 5 of the Dungeon
  4447 | D:5      | Found a bloodstained altar of Trog.
  4479 | D:5      | Found a radiant altar of Vehumet.
  4772 | D:5      | Reached XP level 9. HP: 65/67 MP: 12/12
  4865 | D:5      | Reached skill level 11 in Unarmed Combat
  4961 | D:5      | Found a staircase to the Ecumenical Temple.
  5974 | D:7      | Reached *** piety under Makhleb
  5996 | D:7      | HP: 2/67 [gnoll/+0 spear (7)]
  5998 | D:7      | Slain by a gnoll

Levels and vault maps discovered:
D:1:      evilmike_arrival_run_for_it, layout_loops_cross,
          minmay_worlds_worst_comb
D:2:      minmay_spotlight, layout_loops_ring, lemuel_round_altar,
          chequers_ecumenical_altar_simple_redux, trog_butcher_becter,
          uniq_sigmund
D:3:      layout_rooms, ebering_ghost_sewer_f, hex_medium, grunt_gozag_statues,
          uniq_jessica, uniq_grinder
D:4:      layout_basic, marbit_many_paths, first_ration, uniq_pikel
D:5:      wad_river_or_something, layout_basic, kennysheep_little_box,
          minmay_temple_entry_offerings, basic_altar
D:6:      layout_loops_ring
D:7:      layout_loops_corners, led_sif_pool, cheibriados_altar_1,
          minmay_misc_feat_rugged, grunt_ogre_cave, due_unseen_surprise

Skill      XL: |  1  2  3  4  5  6  7  8  9 |
---------------+----------------------------+-----
Unarmed Combat | 4 5 6 7 9 10 11 | 11.9
Invocations    | 2 3 5 6 7 |  7.7
Fighting       | |  2.1
Throwing       | |  1.7
Dodging        | |  2.6

Action                   |  1- 3 |  4- 6 |  7- 9 || total
-------------------------+-------+-------+-------++-------
Melee: Unarmed           |    84 |   132 |   371 ||   587
       Punch             |       |     2 |    13 ||    15
Invok: Minor Destruction |       |       |    10 ||    10
  Use: Potion            |       |     4 |     2 ||     6
       Scroll            |       |       |    18 ||    18
 Stab: Sleeping          |       |     1 |     1 ||     2
  Eat: Chunk             |     5 |    21 |    17 ||    43
Armor: Leather armour    |    23 |    53 |   101 ||   177
Dodge: Dodged            |    39 |    97 |   180 ||   316
       Deflected         |       |     1 |     3 ||     4

Table legend:
 A = Non-vault XP
 B = Vault XP
 C = Vault XP percentage of total XP
 D = Non-vault monster count
 E = Vault monster count
 F = Vault count percentage of total count
                 A         B        C        D         E       F
            +---------+---------+-------+---------+---------+-------
      Total |    2012 |    1820 |  47.5 |     128 |      33 |  20.5
            +---------+---------+-------+---------+---------+-------
        D:1 |      60 |      17 |  22.1 |      26 |       7 |  21.2
        D:2 |      67 |     234 |  77.7 |      17 |       8 |  32.0
        D:3 |     298 |    1181 |  79.9 |      34 |      10 |  22.7
        D:4 |      85 |       0 |   0.0 |       6 |       0 |   0.0
        D:5 |     623 |     388 |  38.4 |      21 |       8 |  27.6
        D:6 |     494 |       0 |   0.0 |      15 |       0 |   0.0
        D:7 |     385 |       0 |   0.0 |       9 |       0 |   0.0
            +---------+---------+-------+---------+---------+-------
